 Dungeon Crawl Stone Soup version 0.19.6-3-g7d5932f76a (webtiles) character file.

49 Morbidden the Sneak (level 3, -2/18 HPs)
             Began as a Spriggan Assassin on Nov 1, 2020.
             Slain by a worm (12 damage)
             ... on level 2 of the Dungeon.
             The game lasted 00:03:20 (1533 turns).

Morbidden the Sneak (Spriggan Assassin)             Turns: 1533, Time: 00:03:21

Health: -2/18      AC:  3    Str:  8    XL:     3   Next: 53%
Magic:  4/4        EV: 17    Int: 12    God:
Gold:   31         SH:  0    Dex: 17    Spells: 0 memorised, 2 levels left

rFire  . . .     SeeInvis +     a - +2 dagger
rCold  . . .     Gourm    .     c - +0 robe
rNeg   . . .     Faith    .     (shield restricted)
rPois  .         Spirit   .     (helmet restricted)
rElec  .         Reflect  .     d - +0 cloak
rCorr  .         Harm     .     (gloves unavailable)
MR     +....                    (boots unavailable)
Stlth  ++++......               (no amulet)
                                (no ring)
                                l - ring of protection from magic

@: very quick
A: unfitting armour, see invisible, herbivore 3, speed 3, slow metabolism 2
a: no special abilities


You were on level 2 of the Dungeon.
You were not hungry.

You visited 1 branch of the dungeon, and saw 2 of its levels.

You collected 31 gold pieces.

Inventory:

Hand Weapons
 a - a +2 dagger (weapon)
 b - a +0 blowgun
Missiles
 f - a curare-tipped needle
Armour
 c - a +0 robe (worn)
 d - a +0 cloak (worn)
 m - +0 fire dragon scales
Jewellery
 l - a ring of protection from magic (left hand)
Scrolls
 h - a scroll of fear {unknown}
 k - 4 scrolls of identify {unknown}
 o - a scroll of random uselessness {unknown}
Potions
 i - a potion of curing {unknown}
 j - a potion of flight {unknown}
 n - a potion of ambrosia {unknown}
Comestibles
 g - a bread ration


   Skills:
 * Level 1.9 Fighting
 + Level 2.7 Short Blades
 + Level 2.3 Throwing
 + Level 2.2 Dodging
 + Level 6.8 Stealth


You had 2 spell levels left.
You didn't know any spells.

Dungeon Overview and Level Annotations

Branches:
Dungeon (2/15)

Altars:
Vehumet


Innate Abilities, Weirdness & Mutations

You are very small and have problems with some larger weapons.
You are too small for most types of armour.
You have supernaturally acute eyesight. (SInv)
You are a herbivore.
You cover ground extremely quickly.
You need consume almost no food.


Message History

The worm is heavily wounded.
The worm misses you.
You barely miss the worm.
The worm is moderately wounded.
You hit the worm.
The worm is heavily wounded.
The worm completely misses you.
A goblin comes into view. It is wielding a dagger.
You hit the worm.
The worm is heavily wounded.
You hit the worm.
The worm is severely wounded.
The worm closely misses you.
You hit the worm.
The worm is severely wounded.
You hit the worm.
The worm is severely wounded.
The worm bites you!
Ouch! That really hurt!
You die...

#.##......# ............
#.##...)..# ..# #.........
###.##...†((# ..# ##.##†
#.##.#
######..≈≈........##....[.
#.##.# #...##.≈.@≈......
###.##†
.....###(###≈≈≈..w..≈≈..
#.....
#........##≈≈≈..≈..≈..≈.
#....#
#####[...##≈≈...≈.⌠≈.g≈.
#.....
#...###≈≈..≈..≈⌠.≈..
#..... #####
#≈≈..≈..≈).≈.. #.....
##≈...≈≈..≈..≈ #....#
##......!≈..≈ ##.#.# #.#.#


You could see a worm and a goblin.

Vanquished Creatures
  2 adders
  2 bats (D:1)
  2 giant cockroaches
  3 goblins (D:2)
  3 hobgoblins
  5 jackals
  6 kobolds
  2 ball pythons
  2 frilled lizards (D:1)
  3 rats
30 creatures vanquished.

Vanquished Creatures (others)
  2 jackals (D:2)
  A bat (D:2)
3 creatures vanquished.

Grand Total: 33 creatures vanquished

Notes
Turn   | Place    | Note
-------+----------+-------------------------------------------
     0 | D:1      | Morbidden the Spriggan Assassin began the quest for the Orb.
     0 | D:1      | Reached XP level 1. HP: 10/10 MP: 2/2
     4 | D:1      | Reached skill level 6 in Stealth
   315 | D:1      | Reached XP level 2. HP: 14/14 MP: 3/3
   668 | D:2      | Found a radiant altar of Vehumet.
   822 | D:1      | Reached XP level 3. HP: 4/18 MP: 4/4
  1533 | D:2      | Slain by a worm

Skill      XL: |  1  2 |
---------------+-------+-----
Stealth        | 6 |  6.8
Dodging        | 2 |  2.2
Fighting       | |  1.9
Short Blades   | |  2.7
Throwing       | |  2.3

Action                   || total
-------------------------++-------
Melee: Dagger            ||   105
 Fire: Blowgun           ||    20
 Stab: Sleeping          ||     7
Armor: Robe              ||    20
Dodge: Dodged            ||    90
